 Dungeon Crawl Stone Soup version 0.31-a0-175-g9f7f995f2b (webtiles) character file.

Game seed: 6523848563363522179

68 qw the Shooter (level 4, -2/39 HPs)
             Began as a Naga Hunter on June 17, 2023.
             Slain by a hobgoblin (3 damage)
             ... on level 3 of the Dungeon.
             The game lasted 00:00:32 (1599 turns).

qw the Shooter (Naga Hunter)                        Turns: 1599, Time: 00:00:33

Health: -2/39      AC:  2    Str: 13    XL:     4   Next: 19%
Magic:  4/4        EV:  9    Int: 10    God:
Gold:   100        SH:  0    Dex: 16    Spells: 3/3 levels left

rFire   . . .        h - +0 shortbow (heavy)
rCold   . . .        (shield currently unavailable)
rNeg    . . .        c - +0 leather armour
rPois   +            (no helmet)
rElec   .            (no cloak)
rCorr   .            (no gloves)
SInv    +            (no barding)
Will    .....        (no amulet)
Stlth   ++           (no ring)
HPRegen 0.26/turn    (no ring)
MPRegen 0.09/turn

%: no passive effects
@: very slow
A: AC +1, large, see invisible, deformed body, poison resistance, slowness 2,
spit poison 1, naga tail 1
a: Spit Poison


You were on level 3 of the Dungeon.
You visited 1 branch of the dungeon, and saw 3 of its levels.

You collected 100 gold pieces.


Innate Abilities, Weirdness & Mutations

Your serpentine skin is tough. (AC +1)
You have supernaturally acute eyesight. (SInv)
Armour fits poorly on your strangely shaped body.
Your system is resistant to poisons. (rPois)
You cover ground very slowly.
You can spit poison.
You have a snake-like lower body.


   Skills:
 + Level 2.2 Fighting
 - Level 5.0 Ranged Weapons
 - Level 1.5 Dodging
 - Level 1.5 Stealth


You had 3 spell levels left.
You didn't know any spells.
Your spell library was empty.

Inventory:

Hand Weapons
 h - a +0 heavy shortbow (weapon)
Armour
 c - a +0 leather armour (worn)
Potions
 a - a potion of degeneration {unknown}
 e - a potion of resistance {unknown}
 f - a potion of attraction {unknown}

Dungeon Overview and Level Annotations

Branches:
Dungeon (3/15)

Altars:

Annotations:
D:3 Robin


Message History

The goblin closely misses you. The goblin hits you with a +0 dagger.
A goblin comes into view.
It is wielding a +0 dagger of venom and quivering poisoned darts.
1595 ||| INVOKING Spit Poison.
Aiming: Spit Poison (1% risk of failure)
Press: ? - help, Shift-Dir - straight line, f/p - goblin The splash of poison hits the goblin.
The goblin is severely wounded.
The goblin hits you but does no damage. The goblin hits you with a +0 dagger.
An endoplasm comes into view.
The goblin hits you with a +0 dagger. The rat barely misses you.
The goblin misses you. The goblin hits you with a +0 club.
1596 ||| DRINKING potion of heal wounds.
You feel much better. The goblin hits you with a +0 club.
The goblin hits you with a +0 dagger. The rat bites you.
The goblin hits you with a +0 dagger. The goblin hits you with a +0 club.
The goblin misses you. The goblin barely misses you.
You shoot an arrow. The goblin shouts!
The arrow hits the goblin!
You kill the goblin!
The goblin closely misses you. The rat bites you.
The goblin closely misses you. The goblin completely misses you.
The goblin hits you with a +0 club. The goblin hits you but does no damage.
You shoot an arrow.
The arrow hits the goblin but does no damage.
The goblin barely misses you. x2
Robin roars a battlecry!
The goblin goes into a battle-frenzy!
The goblin barely misses you. The rat bites you but does no damage.
The goblin hits you but does no damage. x2
The goblin hits you with a +0 dagger. x3; The rat closely misses you.
The hobgoblin hits you. The goblin hits you with a +0 club.
The goblin completely misses you. x2
You shoot an arrow. The arrow hits the goblin.
You kill the goblin!
You have got your breath back.
The goblin hits you with a +0 dagger. The goblin barely misses you.
The goblin closely misses you. x2; The hobgoblin hits you.
You die... ... >). ##### #.. #.... #.# ####.### .J. #....... ##g## #.##.##. #rgS# ####.##.##. #g@g# #.......... #ggg#

#.##.##.##. #.g.#
#.##.......
#####...#####.#####.##.
..............# #.##.
..............# #.##.
#.............######.###
######...#####%......#
#...# #.#####.#


You could see Robin, an endoplasm, a hobgoblin (strong), 6 goblins, a ball
python and a rat.

Vanquished Creatures
  2 adders
  A dart slug (D:1)
  4 bats
  2 endoplasms (D:1)
  2 giant cockroaches
  13 goblins
  4 hobgoblins
  5 ball pythons
  4 frilled lizards (D:1)
  4 kobolds
  6 rats
47 creatures vanquished.

Notes
Turn   | Place    | Note
-------+----------+-------------------------------------------
     0 | D:1      | qw the Naga Hunter began the quest for the Orb.
     0 | D:1      | Reached XP level 1. HP: 19/19 MP: 1/1
     0 | D:1      | 0 ||| qw: Version: 0.3-a-2-g5ab2908
     0 | D:1      | 0 ||| qw: Game counter: 287
     0 | D:1      | 0 ||| qw: Always use a shield: true
     0 | D:1      | 0 ||| qw: God list: Okawaru
     0 | D:1      | 0 ||| qw: Allow faded altars: false
     0 | D:1      | 0 ||| qw: Do Orc after D:15 true
     0 | D:1      | 0 ||| qw: Do second Lair branch before Depths: true
     0 | D:1      | 0 ||| qw: Lair rune preference: random
     0 | D:1      | 0 ||| qw: Plans: Normal
     0 | D:1      | 0 ||| PLANNING D:1-11
    22 | D:1      | 22 ||| INVOKING Spit Poison.
    38 | D:1      | 38 ||| INVOKING Spit Poison.
    97 | D:1      | 97 ||| FLEEEEING.
    98 | D:1      | 98 ||| FLEEEEING.
   122 | D:1      | 122 ||| INVOKING Spit Poison.
   140 | D:1      | 140 ||| INVOKING Spit Poison.
   142 | D:1      | Reached skill level 4 in Ranged Weapons
   142 | D:1      | Reached XP level 2. HP: 26/26 MP: 2/2
   166 | D:1      | 166 ||| INVOKING Spit Poison.
   213 | D:1      | 213 ||| INVOKING Spit Poison.
   221 | D:1      | 221 ||| INVOKING Spit Poison.
   228 | D:1      | 228 ||| INVOKING Spit Poison.
   240 | D:1      | 240 ||| INVOKING Spit Poison.
   245 | D:1      | 245 ||| INVOKING Spit Poison.
   282 | D:1      | 282 ||| INVOKING Spit Poison.
   514 | D:1      | 514 ||| INVOKING Spit Poison.
   554 | D:1      | 554 ||| INVOKING Spit Poison.
   570 | D:1      | 570 ||| INVOKING Spit Poison.
   635 | D:1      | 635 ||| INVOKING Spit Poison.
   638 | D:1      | Reached XP level 3. HP: 32/32 MP: 3/3
   728 | D:1      | 728 ||| READING scroll labelled KIATEP GUEX.
   729 | D:1      | 729 ||| READING scroll labelled LOUZXA LEMACI.
   730 | D:1      | 730 ||| DRINKING 2 glowing ruby potions.
   731 | D:1      | 731 ||| DROPPING scroll of butterflies.
   803 | D:2      | 803 ||| INVOKING Spit Poison.
   810 | D:2      | 810 ||| INVOKING Spit Poison.
   815 | D:2      | 815 ||| INVOKING Spit Poison.
   836 | D:2      | 836 ||| INVOKING Spit Poison.
   911 | D:2      | 911 ||| INVOKING Spit Poison.
   958 | D:2      | 958 ||| INVOKING Spit Poison.
   979 | D:2      | 979 ||| INVOKING Spit Poison.
   982 | D:2      | 982 ||| INVOKING Spit Poison.
   985 | D:2      | 985 ||| INVOKING Spit Poison.
   993 | D:2      | 993 ||| INVOKING Spit Poison.
  1142 | D:2      | 1142 ||| INVOKING Spit Poison.
  1146 | D:2      | 1146 ||| INVOKING Spit Poison.
  1149 | D:2      | 1149 ||| INVOKING Spit Poison.
  1203 | D:2      | 1203 ||| INVOKING Spit Poison.
  1209 | D:2      | 1209 ||| INVOKING Spit Poison.
  1213 | D:2      | 1213 ||| INVOKING Spit Poison.
  1239 | D:2      | 1239 ||| INVOKING Spit Poison.
  1242 | D:2      | 1242 ||| INVOKING Spit Poison.
  1417 | D:2      | 1417 ||| DROPPING amulet of magic regeneration.
  1418 | D:2      | 1418 ||| READING scroll labelled HEIDOP YRPHATS.
  1419 | D:2      | 1419 ||| READING scroll labelled USIXAIGESA.
  1420 | D:2      | 1420 ||| DRINKING 3 smoky clear potions.
  1451 | D:2      | 1451 ||| DROPPING 2 potions of lignification.
  1475 | D:3      | Found a faded altar of an unknown god.
  1515 | D:3      | 1515 ||| INVOKING Spit Poison.
  1518 | D:3      | Reached skill level 5 in Ranged Weapons
  1518 | D:3      | Reached XP level 4. HP: 39/39 MP: 4/4
  1586 | D:3      | Noticed Robin
  1587 | D:3      | 1587 ||| INVOKING Spit Poison.
  1590 | D:3      | 1590 ||| INVOKING Spit Poison.
  1595 | D:3      | 1595 ||| INVOKING Spit Poison.
  1595 | D:3      | HP: 9/39 [goblin/+0 dagger[Robin] (3)]
  1596 | D:3      | 1596 ||| DRINKING potion of heal wounds.
  1598 | D:3      | HP: 1/39 [goblin/+0 club[Robin] (6)]
  1599 | D:3      | Slain by a hobgoblin

Levels and vault maps discovered:
D:1:      dpeg_arrival_rooms_b, layout_basic
D:2:      layout_basic
D:3:      layout_loops_cross, nicolae_overflow_hallway_of_the_gods,
          nicolae_ecumenical_lake_church, uniq_robin

Skill      XL: |  1  2  3 |
---------------+----------+-----
Ranged Weapons | 4 5 |  5.0
Fighting       | |  2.2
Dodging        | |  1.5
Stealth        | |  1.5

Action                     |  1- 3 |  4- 6 || total
---------------------------+-------+-------++-------
   Fire: Shortbow          |    66 |    11 ||    77
Ability: Spit Poison       |    34 |     3 ||    37
    Use: Scroll            |     4 |       ||     4
         Potion            |     2 |     1 ||     3
 Armour: Leather armour    |     9 |     8 ||    17
  Dodge: Dodged            |    18 |    28 ||    46

Table legend:
 A = Non-vault XP
 B = Vault XP
 C = Vault XP percentage of total XP
 D = Non-vault monster count
 E = Vault monster count
 F = Vault count percentage of total count
                 A         B        C        D         E       F
            +---------+---------+-------+---------+---------+-------
      Total |      90 |      10 |  10.0 |      42 |       5 |  10.6
            +---------+---------+-------+---------+---------+-------
        D:1 |      35 |       0 |   0.0 |      21 |       0 |   0.0
        D:2 |      38 |       0 |   0.0 |      18 |       0 |   0.0
        D:3 |      17 |      10 |  37.0 |       3 |       5 |  62.5
            +---------+---------+-------+---------+---------+-------
